 Dungeon Crawl Stone Soup version 0.16.1-7-g2c6721e (webtiles) character file.

142 xsansara the Conjurer (level 5, 0/35 HPs)
             Began as a Demonspawn Wanderer on Mar 29, 2015.
             Slain by an orc priest (1 damage)
             ... on level 3 of the Dungeon.
             The game lasted 00:11:15 (2561 turns).

xsansara the Conjurer (Demonspawn Wanderer)         Turns: 2561, Time: 00:11:15

Health: 0/35       AC:  2    Str: 14    XL:     5   Next: 4%
Magic:  5/7        EV: 10    Int: 12    God:
Gold:   147        SH:  4    Dex: 13    Spells: 2 memorised, 2 levels left

rFire  + . .     SeeInvis .     l - +1 dagger (venom)
rCold  . . .     Clarity  .     d - +0 robe
rNeg   . . .     SustAb   .     c - +0 buckler
rPois  .         Gourm    .     (helmet restricted)
rElec  .         Spirit   .     (no cloak)
rCorr  .         Warding  .     (no gloves)
rMut   .         Stasis   .     (no boots)
MR     .....                    (no amulet)
Stlth  ++........               (no ring)
                                (no ring)

@: not resistant to hostile enchantments, unstealthy
A: horns 2, fire resistance 1
a: no special abilities


You were on level 3 of the Dungeon.
You were not hungry.

You visited 1 branch of the dungeon, and saw 3 of its levels.

You collected 147 gold pieces.

Inventory:

Hand weapons
 e - a +0 club
 l - a +1 dagger of venom (weapon)
Missiles
 j - 18 stones (quivered)
Armour
 c - a +0 buckler (worn)
 d - a +0 robe (worn)
 n - a +0 shield
 r - a +0 chain mail of magic resistance
Scrolls
 f - a scroll of recharging {unknown}
 i - a scroll of fear {unknown}
 m - a scroll of enchant armour {unknown}
 o - a scroll of enchant weapon {unknown}
 p - a scroll of magic mapping {unknown}
 t - a scroll of fog {unknown}
 w - a scroll of blinking {unknown}
 x - a scroll of remove curse {unknown}
Potions
 b - a potion of curing
 g - 2 potions of brilliance
 h - a potion of heal wounds {unknown}
 k - 2 potions of restore abilities {unknown}
 q - 3 potions of invisibility
 u - a potion of beneficial mutation {unknown}
 v - a potion of mutation {unknown}
Books
 a - a book of Minor Magic

   Spells                             Type                      Level
   a - Magic Dart                     Conjuration                  1
   b - Blink                          Translocation                2
   c - Call Imp                       Summoning                    2
   d - Repel Missiles                 Charms/Air                   2
   e - Slow                           Hexes                        2
   f - Conjure Flame                  Conjuration/Fire             3
   g - Mephitic Cloud                 Conjuration/Poison/Air       3
Comestibles
 s - 2 bread rations


   Skills:
 - Level 1.0 Stealth
 - Level 1.0 Shields
 - Level 1.0 Spellcasting
 + Level 3.6 Conjurations
   Level 1.7 Charms
 + Level 3.3 Air Magic
 + Level 2.8 Poison Magic


You had 2 spell levels left.
You knew the following spells:

 Your Spells              Type           Power        Failure   Level  Hunger
a - Magic Dart            Conj           #...         12%         1    ##.....
b - Mephitic Cloud        Conj/Pois/Air  #.......     34%         3    ####...


Dungeon Overview and Level Annotations

Branches:
Dungeon (3/15)

Altars:


Innate Abilities, Weirdness & Mutations

You have a pair of horns on your head.
Your flesh is heat resistant.


Message History

The orc priest hits you.
You hit the orc priest.
The orc priest is poisoned.
The orc priest is moderately wounded.
The orc priest hits you.
* * * LOW HITPOINT WARNING * * *
The orc priest hits you.
* * * LOW HITPOINT WARNING * * *
You closely miss the orc priest.
The orc priest is heavily wounded.
The orc priest hits you.
* * * LOW HITPOINT WARNING * * *
You hit the orc priest.
The orc priest looks even sicker.
Your headbutt misses the orc priest.
The orc priest is heavily wounded.
The orc priest hits you.
* * * LOW HITPOINT WARNING * * *
You closely miss the orc priest. Your headbutt misses the orc priest.
The orc priest is heavily wounded.
The orc priest hits you.
You die...

... #?.....
##.....
........##
..........#
........#.#
..........#
.......†)).#
.......o@..#
...........#
.......)#.####
........#....#
#########....#
#....#
#####....#
#..........#
#..........#


You could see an orc priest.

Vanquished Creatures
  An orc wizard (D:3)
  Ijyb (D:2)
  Jessica (D:2)
  2 adders
  2 worms (D:2)
  2 giant geckos (D:2)
  2 orcs (D:3)
  10 bats
  2 giant cockroaches
  5 goblins
  7 hobgoblins
  2 jackals (D:1)
  A quokka (D:3)
  A ball python (D:2)
  4 giant newts
  3 kobolds
  5 rats
51 creatures vanquished.

Notes
Turn   | Place    | Note
--------------------------------------------------------------
     0 | D:1      | xsansara, the Demonspawn Wanderer, began the quest for the Orb.
     0 | D:1      | xsansara set off with: a book of Minor Magic, a potion of curing, a +0 buckler, a +0 robe, a +0 club, a bread ration
     0 | D:1      | Reached XP level 1. HP: 13/13 MP: 2/2
    31 | D:1      | Learned a level 1 spell: Magic Dart
   129 | D:1      | Reached skill level 1 in Conjurations
   444 | D:1      | Gained mutation: You have a pair of small horns on your head. [demonic ancestry]
   444 | D:1      | Reached XP level 2. HP: 17/19 MP: 1/3
  1523 | D:2      | Gained mutation: Your flesh is heat resistant. [demonic ancestry]
  1523 | D:2      | Reached XP level 3. HP: 24/24 MP: 0/4
  1569 | D:2      | Learned a level 3 spell: Mephitic Cloud
  1831 | D:2      | Noticed Ijyb
  1847 | D:2      | Killed Ijyb
  1847 | D:2      | Reached skill level 3 in Conjurations
  1869 | D:2      | Reached XP level 4. HP: 17/30 MP: 1/5
  2210 | D:2      | Noticed Jessica
  2216 | D:2      | Killed Jessica
  2554 | D:3      | Gained mutation: You have a pair of horns on your head. [demonic ancestry]
  2554 | D:3      | Reached XP level 5. HP: 9/35 MP: 4/7
  2560 | D:3      | HP: 1/35 [orc priest (2)]
  2561 | D:3      | Slain by an orc priest

Action                   |  1- 3 |  4- 6 || total
-------------------------+-------+-------++-------
Melee: Club              |    31 |       ||    31
       Dagger            |    55 |    37 ||    92
Throw: Stone             |    11 |     5 ||    16
 Cast: Magic Dart        |    48 |    11 ||    59
       Mephitic Cloud    |       |     2 ||     2
  Use: Scroll            |       |     2 ||     2
       Potion            |       |     1 ||     1
 Stab: Confused          |       |     1 ||     1
  Eat: Bread ration      |     1 |       ||     1
       Meat ration       |       |     1 ||     1
